 Dungeon Crawl Stone Soup version 0.27-a0-797-g27d10ad80f (webtiles) character file.

Game seed: 8581457125902279901

2110 porpoise the Conjurer (level 9, -3/54 HPs)
             Began as a Deep Elf Conjurer on Mar 28, 2021.
             Was a Follower of Vehumet.
             Slain by a two-headed ogre
             ... wielding a +0 giant club
              (18 damage)
             ... on level 8 of the Dungeon.
             The game lasted 00:34:33 (8713 turns).

porpoise the Conjurer (Deep Elf Conjurer)           Turns: 8713, Time: 00:34:34

Health: -3/54      AC:  6    Str:  5    XL:     9   Next: 7%
Magic:  1/18       EV: 13    Int: 26    God:    Vehumet [*.....]
Gold:   259        SH:  5    Dex: 13    Spells: 3/18 levels left

rFire    . . .     SeeInvis .   a - staff of conjuration
rCold    . . .     Faith    .   (no shield)
rNeg     + . .     Spirit   .   y - +0 robe
rPois    +         Reflect  +   I - +1 hat
rElec    .         Harm     .   s - +0 cloak
rCorr    .         Rampage  .   (no gloves)
Will     .....                  u - +1 pair of boots
Stlth    ++........             J - amulet of reflection
HPRegen  0.18/turn              f - ring of positive energy
MPRegen  0.16/turn              l - ring of poison resistance

@: no status effects
A: no striking features
a: Renounce Religion


You were on level 8 of the Dungeon.
You worshipped Vehumet.
Vehumet was aware of your devotion.
You visited 2 branches of the dungeon, and saw 9 of its levels.

You collected 323 gold pieces.
You spent 64 gold pieces at shops.

Inventory:

Hand Weapons
 b - a +1 hunting sling of venom
 w - a +3 spear
Missiles
 g - 22 poisoned darts
 k - 200 stones
Armour
 s - a +0 cloak (worn)
 u - a +1 pair of boots (worn)
 y - a +0 robe (worn)
 I - a +1 hat (worn)
Magical Staves
 a - a staff of conjuration (weapon)
 j - a staff of cold
Jewellery
 f - a ring of positive energy (left hand)
 l - a ring of poison resistance (right hand)
 G - a +6 ring of dexterity
 J - an amulet of reflection (around neck)
Wands
 r - a wand of mindburst (31)
 A - a wand of random effects (14)
Scrolls
 c - 2 scrolls of noise
 e - a scroll of blinking {unknown}
 h - 4 scrolls of teleportation
 p - a scroll of summoning
 v - a scroll of fog
 z - 2 scrolls of brand weapon
 B - a scroll of holy word {unknown}
 D - 2 scrolls of enchant weapon
 E - a scroll of enchant armour
 F - a scroll of amnesia
 K - a scroll of vulnerability {unknown}
Potions
 d - 2 potions of attraction
 i - 2 potions of mutation
 m - 3 potions of lignification
 n - a potion of ambrosia {unknown}
 o - a potion of magic {unknown}
 q - 3 potions of might
 t - 2 potions of curing
 x - 2 potions of flight {unknown}
 C - 2 potions of heal wounds
 H - a potion of haste {unknown}


   Skills:
 - Level 5.0 Fighting
 - Level 5.0 Dodging
 - Level 2.4 Stealth
 - Level 5.0 Spellcasting
 - Level 7.0 Conjurations
 - Level 7.0 Hexes
 + Level 4.3 Translocations
 + Level 3.1 Evocations


You had 3 spell levels left.
You knew the following spells:

 Your Spells              Type           Power      Damage    Failure   Level
b - Searing Ray           Conj           100%       3d7       1%          2
c - Fulminant Prism       Conj/Hex       29%        3d14      4%          4
d - Iskenderun's Mystic   Conj/Tloc      52%        2d11      8%          4
k - Blink                 Tloc           N/A        N/A       1%          2
m - Mephitic Cloud        Conj/Pois/Air  27%        N/A       9%          3

Your spell library contained the following spells:

 Spells                   Type           Power      Damage    Failure   Level
 Freeze                   Ice            24%        1d5       8%          1
 Corona                   Hex            46%        N/A       1%          1
 Magic Dart               Conj           100%       1d8       1%          1
 Slow                     Hex            42%        N/A       1%          2
 Confusing Touch          Hex            42%        N/A       1%          3
 Dazzling Flash           Conj/Hex       100%       N/A       1%          3
 Tukima's Dance           Hex            42%        N/A       1%          3
 Ensorcelled Hibernation  Hex/Ice        48%        N/A       2%          2
 Conjure Flame            Conj/Fire      37%        6-21      5%          3
 Call Imp                 Summ           6%         N/A       12%         2


Dungeon Overview and Level Annotations

Branches:
Dungeon (8/15)             Temple (1/1) D:4
   Lair: D:8-11

Altars:
Ashenzari
Cheibriados
Dithmenos
Elyvilon
Fedhas
Hepliaklqana
Kikubaaqudgha
Makhleb
Nemelex Xobeh
Okawaru
Qazlal
Ru
Sif Muna
Trog
Vehumet
Wu Jian
Xom
Yredelemnul
Zin
The Shining One

Shops:
D:2 [   D:4 *   D:5 [

Portals:
Abyss: D:5

Annotations:
D:5 2 transporters RIFT, Shayle's ghost, amateur DjMo


Message History

Vehumet accepts your kill.
You finish channeling your searing ray.
Your Evocations skill increases to level 3!
Casting: Searing Ray (safe; 1% risk of failure)
Confirm with . or Enter, or press ? or * to list all spells.
You feel a surge of power!
You erupt in a blast of force!
The mystic blast hits the two-headed ogre!
The two-headed ogre is lightly wounded.
The two-headed ogre is knocked back by the mystic blast.
Casting: Iskenderun's Mystic Blast (dangerous; 8% risk of failure)
Confirm with . or Enter, or press ? or * to list all spells.
Aiming: Searing Ray (safe; 1% risk of failure)
Press: ? - help, Shift-Dir - straight line, f - two-headed ogre
Aim: a two-headed ogre, wielding two +0 giant clubs (lightly wounded, 8% to evade)
You feel a surge of power!
The searing ray hits the two-headed ogre!
The two-headed ogre is heavily wounded. (Press . to maintain the ray.)
The searing ray hits the two-headed ogre!
The two-headed ogre is severely wounded.
The searing ray hits the two-headed ogre!
The two-headed ogre is severely wounded.
The searing ray hits the two-headed ogre!
The two-headed ogre is almost dead.
You finish channeling your searing ray.
The two-headed ogre hits you with a +0 giant club!!
You block the two-headed ogre's attack.
Casting: Searing Ray (safe; 1% risk of failure)
Confirm with . or Enter, or press ? or * to list all spells.
You don't know that spell.
Unknown command.
Unknown command.
Unknown command.
You barely miss the two-headed ogre.
The two-headed ogre is almost dead.
The two-headed ogre hits you with a +0 giant club!!
* * * LOW HITPOINT WARNING * * *
The two-headed ogre misses you.
The two-headed ogre hits you with a +0 giant club!!
You die...

. .. #### ... #
..###.... . #.
#.#.$....
...#.##@O†.....
.......>#......
.#.###..# .....
#...<..# ####
#..#####.# #...
#..... #.......
#.......


You could see a two-headed ogre.

Vanquished Creatures
  An acid dragon (D:5)
  2 sky beasts
  2 ice beasts (D:7)
  2 black bears
  A necrophage (D:6)
  2 ogres (D:5)
  A phantom (D:4)
  A bullfrog (D:7)
  A gnoll sergeant (D:7)
  A water moccasin zombie (D:5)
  A wyvern zombie (D:6)
  A bullfrog zombie (D:5)
  A centaur zombie (D:7)
  A jelly (D:6)
  3 bullfrog skeletons
  5 hounds
  Jessica (D:3)
  Crazy Yiuf (D:3)
  4 iguanas
  3 orc wizards
  A hound zombie (D:5)
  A hound skeleton (D:4)
  A mummy (D:6)
  6 adders
  9 gnolls
  2 howler monkey skeletons
  A white imp (D:5)
  An ufetubus (D:5)
  A worm (D:2)
  3 dart slugs
  13 orcs
  7 ball pythons
  8 bats
  8 endoplasms
  3 giant cockroaches
  5 goblins
  10 hobgoblins
  4 jackals (D:4)
  5 quokkas
  4 frilled lizards
  2 hobgoblin zombies (D:6)
  8 kobolds
  2 orc zombies (D:6)
  6 rats
146 creatures vanquished.

Vanquished Creatures (others)
  3 fulminant prisms
  2 plants (D:4)
5 creatures vanquished.

Grand Total: 151 creatures vanquished

Notes
Turn   | Place    | Note
-------+----------+-------------------------------------------
     0 | D:1      | porpoise the Deep Elf Conjurer began the quest for the Orb.
     0 | D:1      | Reached XP level 1. HP: 10/10 MP: 6/6
   509 | D:1      | Reached XP level 2. HP: 15/15 MP: 4/8
   654 | D:1      | Learned a level 2 spell: Searing Ray
  1166 | D:1      | Reached skill level 5 in Conjurations
  1166 | D:1      | Reached XP level 3. HP: 19/19 MP: 5/10
  1912 | D:2      | Found Cyocruhy's Antique Armour Boutique.
  1981 | D:2      | Found a shadowy altar of Dithmenos.
  2195 | D:2      | Found a sacrificial altar of Ru.
  2452 | D:2      | Reached XP level 4. HP: 24/24 MP: 8/12
  2482 | D:2      | Found a shimmering altar of Xom.
  2854 | D:3      | Reached skill level 5 in Spellcasting
  2964 | D:3      | Found a runed translucent door.
  2965 | D:3      | Noticed Crazy Yiuf
  2969 | D:3      | Killed Crazy Yiuf
  3277 | D:3      | Reached skill level 1 in Fighting
  3277 | D:3      | Reached XP level 5. HP: 29/29 MP: 9/14
  3510 | D:3      | Noticed Jessica
  3512 | D:3      | Killed Jessica
  3915 | D:4      | Found Gutzez's Assorted Antiques.
  3924 | D:4      | Bought a scroll of identify for 64 gold pieces
  4018 | D:4      | Found a snail-covered altar of Cheibriados.
  4402 | D:4      | Reached XP level 6. HP: 35/35 MP: 10/15
  4650 | D:4      | Found a staircase to the Ecumenical Temple.
  4670 | Temple   | Entered the Ecumenical Temple
  4767 | D:4      | Found a bloodstained altar of Trog.
  4848 | D:4      | Learned a level 4 spell: Fulminant Prism
  4853 | D:4      | Learned a level 4 spell: Iskenderun's Mystic Blast
  5033 | D:5      | Entered Level 5 of the Dungeon
  5038 | D:5      | Reached skill level 1 in Hexes
  5103 | D:5      | Reached XP level 7. HP: 41/41 MP: 10/16
  5262 | D:5      | Found a transporter.
  5276 | D:5      | Noticed Shayle's ghost (amateur DjMo)
  5293 | D:5      | Found the +8 demon trident "Rift" {distort, reach+}
  5293 | D:5      | Found a one-way gate to the infinite horrors of the Abyss.
  5303 | D:5      | Found a transporter.
  5454 | D:5      | Found Ofogg's Armour Shoppe.
  5576 | D:5      | Reached skill level 5 in Hexes
  5881 | D:5      | Reached XP level 8. HP: 48/48 MP: 13/17
  6327 | D:5      | Reached skill level 5 in Fighting
  6409 | D:5      | Found a faded altar of an unknown god.
  6409 | D:5      | Found a burning altar of Makhleb.
  6417 | D:5      | Found a faded altar of an unknown god.
  6419 | D:5      | Found a radiant altar of Vehumet.
  6421 | D:5      | Found a white marble altar of Elyvilon.
  6427 | D:5      | Became a worshipper of Vehumet
  7388 | D:6      | Reached skill level 1 in Translocations
  7664 | D:7      | Found a sparkling altar of Nemelex Xobeh.
  7670 | D:7      | Reached skill level 5 in Dodging
  7759 | D:7      | Reached skill level 1 in Evocations
  7905 | D:7      | Learned a level 3 spell: Mephitic Cloud
  7908 | D:7      | Learned a level 2 spell: Blink
  8062 | D:7      | Reached * piety under Vehumet
  8062 | D:7      | Offered knowledge of Freeze by Vehumet.
  8170 | D:7      | Reached XP level 9. HP: 54/54 MP: 11/18
  8224 | D:7      | Found a shadowy altar of Dithmenos.
  8480 | D:7      | Found an ancient bone altar of Kikubaaqudgha.
  8705 | D:8      | Noticed a two-headed ogre
  8713 | D:8      | Slain by a two-headed ogre

Illustrated notes

Levels and vault maps discovered:
D:1:      dpeg_arrival_prison, layout_basic, minmay_misc_feat_cross,
          minmay_tromino_i4
D:2:      layout_rooms, lemuel_round_altar, lemuel_coloured_pillars_altar,
          old_standard_altar, serial_shops, shop
D:3:      minmay_wonky_spiral, layout_loops_ring, grunt_ministairs_4,
          kennysheep_jessica_study, uniq_crazy_yiuf_cottage
D:4:      layout_loops_ring, lightli_temple_of_fire, cheibriados_altar_1,
          temple_statues, serial_shops, shop, grunt_decor_clamped,
          grunt_ministairs_15, moated_statue, serial_bayou_lake_a
D:5:      layout_rooms, chequers_temple_overflow_minitemple,
          gammafunk_ghost_abyssal_escape, serial_shops, shop,
          kennysheep_crisscross
D:6:      layout_basic, kennysheep_pointless_box, minmay_mini_ossuary
D:7:      layout_loops_ring, nemelex_xobeh_ov_fountains_minmay,
          lemuel_zombie_altar_kikubaaqudgha, basic_altar
D:8:      layout_basic, amethyst_overflow_temple_binary
Temple:   zaba_magenta_temple

Skill      XL: |  1  2  3  4  5  6  7  8  9 |
---------------+----------------------------+-----
Spellcasting   | 4 5 |  5.0
Conjurations   | 5 6 7 |  7.0
Fighting       | 1 2 3 4 5 |  5.0
Hexes          | 2 5 7 |  7.0
Dodging        | 5 |  5.0
Translocations | 3 4 |  4.3
Evocations     | 2 3 |  3.1
Stealth        | |  2.4

Action                   |  1- 3 |  4- 6 |  7- 9 || total
-------------------------+-------+-------+-------++-------
Melee: Staff             |     3 |     3 |     1 ||     7
 Fire: Hunting sling     |     7 |     2 |    16 ||    25
 Cast: Magic Dart        |    50 |    22 |     6 ||    78
       Searing Ray       |    12 |    36 |    49 ||    97
       Fulminant Prism   |       |       |     3 ||     3
       Iskenderun's Myst |       |       |     2 ||     2
  Use: Scroll            |       |     5 |     9 ||    14
 Stab: Sleeping          |       |     1 |       ||     1
Armor: Robe              |     2 |       |     5 ||     7
Dodge: Dodged            |     6 |     1 |    12 ||    19
Block: Other             |       |       |     1 ||     1

Table legend: (Time is in decaauts)
 A = Elapsed time spent in this place.
 B = Non-inter-level travel time spent in this place.
 C = Inter-level travel time spent in this place.
 D = Time resting spent in this place.
 E = Time spent auto-exploring this place.
 F = Levels seen in this place.
 G = Mean time per level.
                   A        B        C        D        E       F      G
               +--------+--------+--------+--------+--------+-----+--------+
         Total |   8727 |   8373 |    354 |   3007 |   4408 |   9 |  969.7 |
       Dungeon |   8652 |   8304 |    348 |   3007 |   4354 |   8 | 1081.5 |
        Temple |     75 |     69 |      6 |      0 |     54 |   1 |   75.0 |
               +--------+--------+--------+--------+--------+-----+--------+

Top non-repeatable levels by time:
     D:1: 1736 daAuts
     D:5: 1710 daAuts
     D:3: 1248 daAuts
     D:4: 1192 daAuts
     D:7: 1067 daAuts
     D:6: 875 daAuts
     D:2: 805 daAuts
  Temple: 75 daAuts
     D:8: 15 daAuts
